 Dungeon Crawl Stone Soup version 0.26.1-11-gd32895ea62 (webtiles) character file.

Game seed: 17330317564294971578

973 bnorton916 the Caller (level 7, -1/36 HPs)
             Began as a Deep Elf Ice Elementalist on July 7, 2021.
             Was a Believer of Vehumet.
             Slain by an orc warrior
             ... wielding a +0 short sword
              (21 damage)
             ... on level 7 of the Dungeon.
             The game lasted 00:17:44 (8018 turns).

bnorton916 the Caller (Deep Elf Ice Elementalist)   Turns: 8018, Time: 00:17:44

Health: -1/36      AC:  8    Str:  6    XL:     7   Next: 94%
Magic:  14/17      EV: 18    Int: 21    God:    Vehumet [**....]
Gold:   259        SH:  0    Dex: 15    Spells: 3/17 levels left

rFire    . . .     SeeInvis .   y - +2 dagger (venom)
rCold    . . .     Faith    .   (no shield)
rNeg     . . .     Spirit   .   a - +0 robe
rPois    .         Reflect  .   u - +0 helmet
rElec    .         Harm     .   A - +0 cloak
rCorr    .         Rampage  .   (no gloves)
Will     .....                  (no boots)
Stlth    ++........             (no amulet)
HPRegen  0.12/turn              c - +4 ring of evasion
MPRegen  0.15/turn              k - +4 ring of protection

@: frozen ramparts
A: no striking features
a: Renounce Religion


You were on level 7 of the Dungeon.
You worshipped Vehumet.
Vehumet was pleased with you.
You visited 2 branches of the dungeon, and saw 7 of its levels.
You also visited: Sewer and Ossuary.

You collected 259 gold pieces.

Inventory:

Hand Weapons
 b - a +1 short sword of venom
 h - a +0 dagger of draining
 y - a +2 dagger of venom (weapon)
Armour
 a - a +0 robe (worn)
 d - a +0 buckler
 m - a +3 leather armour
 t - a cursed +0 ring mail
 u - a +0 helmet (worn)
 A - a +0 cloak (worn)
Jewellery
 c - a +4 ring of evasion (left hand)
 k - a +4 ring of protection (right hand)
Scrolls
 f - 3 scrolls of enchant weapon
 i - a scroll of identify
 o - 2 scrolls of fear
 p - 3 scrolls of teleportation
 q - a scroll of fog
 r - a scroll of remove curse
 v - a scroll of magic mapping {unknown}
 x - a scroll of enchant armour
Potions
 e - 3 potions of heal wounds
 g - 5 potions of curing
 j - 2 potions of mutation
 l - 6 potions of flight
 n - 2 potions of magic
 s - 2 potions of haste
 w - 2 potions of brilliance
 z - a potion of might


   Skills:
 + Level 3.6 Dodging
 - Level 2.4 Stealth
 - Level 5.7 Spellcasting
 + Level 2.2 Conjurations
 - Level 6.9 Summonings
 + Level 6.2 Ice Magic


You had 3 spell levels left.
You knew the following spells:

 Your Spells              Type           Power        Failure   Level
a - Freeze                Ice            100%         1%          1
b - Frozen Ramparts       Ice            64%          2%          3
c - Ozocubu's Armour      Ice            32%          2%          3
d - Magic Dart            Conj           60%          4%          1
e - Call Imp              Summ           35%          1%          2
f - Summon Ice Beast      Ice/Summ       33%          7%          4

Your spell library contained the following spells:

 Spells                   Type           Power        Failure   Level
 Sandblast                Erth           12%          10%         1
 Blink                    Tloc           N/A          16%         2
 Slow                     Hex            6%           16%         2
 Conjure Flame            Conj/Fire      10%          19%         3
 Mephitic Cloud           Conj/Pois/Air  9%           22%         3
 Hailstorm                Conj/Ice       23%          17%         4


Dungeon Overview and Level Annotations

Branches:
Dungeon (5/15)             Temple (1/1) D:5           Sewer (visited)
Ossuary (visited)

Altars:
Qazlal
Trog
Vehumet
Wu Jian


Message History

You finish putting on your +0 cloak.
Casting: Freeze (safe; 1% risk of failure)
Confirm with . or Enter, or press ? or * to list all spells.
Casting: Frozen Ramparts (dangerous; 2% risk of failure)
Press: ? - help, Dir - look around, f - activate The walls around you are covered in ice.
The wall freezes the orc warrior!
The orc warrior completely misses you.
Unknown command.
You hit the orc warrior but do no damage.
The orc warrior is poisoned.
The orc warrior is moderately wounded.
The wall freezes the orc warrior.
The orc warrior hits you with a +0 short sword.
You hit the orc warrior.
The orc warrior looks as sick as possible!
The orc warrior is heavily wounded.
The wall freezes the orc warrior.
The orc warrior hits you with a +0 short sword!!
Ouch! That really hurt!
You die...

#.# #.......# #.#
#.#.....# #.#
#.##....####. #.#
#.##........<
#######.# #....)..####
..[.....########)###
.##.......# ##'##
#.##..#o# ##...##
#.....#@# ##...[.##
#..#.##.###.......##
#...o. #.##...รท.....#
#..... ...+.........+
..........##....(....#
##.#.#..#####.......##
.#. ##.....## .##.
##...## #. # ##+##


You could see an orc warrior (extremely poisoned).

Vanquished Creatures
  Purgy (Sewer)
  A scorpion (D:4)
  A centaur zombie (Ossuary)
  A bullfrog zombie (D:5)
  A hound (D:4)
  A jelly (D:5)
  An orc priest (D:7)
  A centaur skeleton (D:5)
  An orc wizard (D:7)
  An iguana (D:4)
  4 worker ants
  7 gnolls (D:5)
  10 adders
  A shadow imp (D:7)
  2 adder zombies (Ossuary)
  A worm (D:4)
  2 dart slugs
  4 leopard geckos
  12 orcs
  6 bats
  6 goblins
  8 hobgoblins
  7 jackals
  6 kobolds
  3 quokkas
  6 ball pythons
  5 frilled lizards
  4 giant cockroaches
  A giant cockroach zombie (D:5)
  2 goblin zombies (D:4)
  5 hobgoblin zombies (Ossuary)
  5 kobold zombies (Ossuary)
  3 orc zombies (Ossuary)
  2 quokka skeletons (D:5)
  2 rats (D:1)
  A rat zombie (Ossuary)
125 creatures vanquished.

Vanquished Creatures (collateral kills)
  2 elf zombies (Ossuary)
  4 human zombies (Ossuary)
  A centaur skeleton (D:5)
  A big kobold zombie (Ossuary)
  2 mummies (Ossuary)
  A shadow imp (D:5)
  2 hobgoblin zombies (Ossuary)
  4 kobold zombies (Ossuary)
  5 orc zombies (Ossuary)
  2 rat zombies (Ossuary)
24 creatures vanquished.

Grand Total: 149 creatures vanquished

Notes
Turn   | Place    | Note
-------+----------+-------------------------------------------
     0 | D:1      | bnorton916 the Deep Elf Ice Elementalist began the quest
                  | for the Orb.
     0 | D:1      | Reached XP level 1. HP: 10/10 MP: 6/6
   213 | D:1      | Reached XP level 2. HP: 10/15 MP: 0/8
   506 | D:1      | You fall into a shaft and drop 1 floor!
   765 | D:2      | Reached skill level 5 in Ice Magic
   765 | D:2      | Reached XP level 3. HP: 14/19 MP: 7/10
  1374 | D:2      | You fall into a shaft and drop 1 floor!
  1393 | D:3      | Learned a level 3 spell: Frozen Ramparts
  1397 | D:3      | Learned a level 3 spell: Ozocubu's Armour
  1730 | D:3      | Reached XP level 4. HP: 24/24 MP: 8/12
  2073 | D:3      | Found a glowing drain.
  2085 | Sewer    | Entered a sewer
  2114 | Sewer    | Noticed Purgy
  2124 | Sewer    | Killed Purgy
  2125 | Sewer    | Reached skill level 5 in Spellcasting
  2125 | Sewer    | Reached XP level 5. HP: 25/28 MP: 2/15
  2560 | D:4      | Learned a level 1 spell: Magic Dart
  2563 | D:4      | Learned a level 2 spell: Call Imp
  2574 | D:4      | Found a sand-covered staircase.
  2660 | Ossuary  | Entered an ossuary
  2715 | Ossuary  | Learned a level 4 spell: Summon Ice Beast
  3445 | Ossuary  | Reached skill level 1 in Summonings
  3907 | Ossuary  | Reached XP level 6. HP: 19/32 MP: 6/16
  4669 | D:4      | Reached skill level 5 in Summonings
  5104 | D:4      | Reached XP level 7. HP: 28/36 MP: 11/17
  5224 | D:4      | Found a bloodstained altar of Trog.
  5224 | D:4      | Found a radiant altar of Vehumet.
  5665 | D:4      | Became a worshipper of Vehumet
  5871 | D:5      | Entered Level 5 of the Dungeon
  6161 | D:1      | Reached * piety under Vehumet
  6161 | D:1      | Offered knowledge of Shock by Vehumet.
  6766 | D:5      | Found a staircase to the Ecumenical Temple.
  6778 | Temple   | Entered the Ecumenical Temple
  7248 | D:5      | Reached skill level 1 in Conjurations
  7671 | D:5      | You fall into a shaft and drop 2 floors!
  7693 | D:7      | Offered knowledge of Sandblast by Vehumet.
  7703 | D:7      | Reached ** piety under Vehumet
  8018 | D:7      | Slain by an orc warrior

Illustrated notes

Levels and vault maps discovered:
D:1:      dpeg_arrival_arbitrary_c, layout_basic, minmay_crystal_room,
          chequers_serial_rivers_large_b
D:2:      layout_rooms, minmay_misc_feat_cross
D:3:      layout_loops_ring, portal_sewer_entry_d, minmay_checkerbox
D:4:      layout_basic, amethyst_overflow_temple_binary, enter_ossuary_4
D:5:      minmay_chambers_of_fours, layout_cave_pools,
          regret_index_temple_of_mockery, minitemple, minmay_temple_entry_grid,
          nrook_loot_triangle
D:7:      layout_loops_corners, grunt_dithmenos_shadows, minivault_5
Temple:   dpeg_three_leaves_temple

Skill      XL: |  1  2  3  4  5  6  7 |
---------------+----------------------+-----
Spellcasting   | 4 5 |  5.7
Ice Magic      | 5 6 |  6.2
Summonings     | 3 5 6 |  6.9
Conjurations   | 2 |  2.2
Dodging        | 3 |  3.6
Stealth        | |  2.4

Action                   |  1- 3 |  4- 6 |  7- 9 || total
-------------------------+-------+-------+-------++-------
Melee: Short sword       |    12 |   152 |   100 ||   264
       Unarmed           |     1 |       |       ||     1
       Dagger            |       |       |    10 ||    10
 Cast: Freeze            |    35 |    22 |    20 ||    77
       Frozen Ramparts   |     2 |     7 |    13 ||    22
       Ozocubu's Armour  |       |     1 |     1 ||     2
       Magic Dart        |       |    19 |     4 ||    23
       Call Imp          |       |    19 |       ||    19
       Summon Ice Beast  |       |     5 |     2 ||     7
  Use: Scroll            |     3 |     1 |     9 ||    13
       Potion            |       |     4 |       ||     4
 Stab: Sleeping          |     2 |     2 |     6 ||    10
       Distracted        |       |     2 |       ||     2
Armor: Robe              |     8 |    43 |    30 ||    81
Dodge: Dodged            |    36 |   188 |   130 ||   354
